 Dungeon Crawl Stone Soup version 0.19.5 (webtiles) character file.

1017 Mesmaeker13 the Skirmisher (level 8, -8/94 HPs)
             Began as a Demonspawn Gladiator on Apr 20, 2017.
             Was a Believer of Okawaru.
             Engulfed by a cloud of flame (22 damage)
             ... on level 6 of the Dungeon.
             The game lasted 00:14:34 (5675 turns).

Mesmaeker13 the Skirmisher (Demonspawn Gladiator)   Turns: 5675, Time: 00:14:35

Health: -8/94      AC: 24    Str: 18    XL:     8   Next: 1%
Magic:  10/10      EV:  2    Int: 10    God:    Okawaru [**....]
Gold:   200        SH:  0    Dex: 17    Spells: 0 memorised, 7 levels left

rFire  . . .     SeeInvis .     a - +0 rapier
rCold  . . .     Gourm    .     (armour currently unavailable)
rNeg   + + +     Faith    .     (no shield)
rPois  +         Spirit   .     (helmet currently unavailable)
rElec  .         Reflect  .     (cloak currently unavailable)
rCorr  .         Harm     .     (gloves currently unavailable)
MR     .....     NoTele   +     (boots currently unavailable)
Stlth  +++.......               (no amulet)
                                (no ring)
                                m - +4 ring of dexterity

@: tree-form (expiring)
A: (antennae 0), nightstalker 1, rot immunity, (sanguine armour 0)
a: Heroism, Renounce Religion


You were on level 6 of the Dungeon.
You worshipped Okawaru.
Okawaru was pleased with you.
You were not hungry.
You were a tree.
You visited 2 branches of the dungeon, and saw 7 of its levels.

You collected 200 gold pieces.

Inventory:

Hand Weapons
 a - a +0 rapier (weapon)
 g - the +6 arbalest "Damnation" {damnation}
   (You found it on level 5 of the Dungeon)
Armour
 s - a +2 hat (melded)
 t - a +1 pair of gloves (melded)
 B - +1 ice dragon scales (melded)
Jewellery
 m - a +4 ring of dexterity (left branch)
 w - an uncursed ring of ice
Wands
 A - a wand of lightning (3/15)
Scrolls
 c - a scroll of immolation
 e - 3 scrolls of teleportation
 h - 2 scrolls of amnesia {unknown}
 i - a scroll of random uselessness {unknown}
 l - 2 scrolls of remove curse {unknown}
 o - 2 scrolls of magic mapping
 y - a scroll of blinking {unknown}
Potions
 b - a potion of lignification
 n - 2 potions of haste
 q - a potion of agility
Comestibles
 f - 4 bread rations
 j - 7 fruits
 k - 2 meat rations
 p - 2 chunks of flesh
 u - a beef jerky


   Skills:
 + Level 5.5 Fighting
 + Level 5.2 Short Blades
 - Level 1.7 Throwing
 + Level 3.8 Armour
 - Level 3.5 Dodging
 + Level 3.1 Invocations


You had 7 spell levels left.
You didn't know any spells.

Dungeon Overview and Level Annotations

Branches:
Dungeon (6/15)             Temple (1/1) D:5

Altars:
Ashenzari
Cheibriados
Dithmenos
Elyvilon
Fedhas
Gozag
Makhleb
Nemelex Xobeh
Okawaru
Qazlal
Ru
Sif Muna
Trog
Uskayaw
Vehumet
Xom
Yredelemnul
The Shining One

Shops:
D:5 %!%[:


Innate Abilities, Weirdness & Mutations

((You have a pair of small antennae on your head.))
You are slightly more attuned to the shadows.
You are immune to rotting.
((When seriously injured, your bleeding wounds create armour. (AC +0)))


Message History

The orc explodes!
Okawaru accepts your kill.
Reactivating autopickup.
You have reached level 8!
You feel stronger.
You feel a bit more experienced.
Evoking this partially-identified wand wasted a few charges.
You are engulfed in roaring flames.
* * * LOW HITPOINT WARNING * * *
You feel much better.
You are engulfed in roaring flames.
* * * LOW HITPOINT WARNING * * *
You feel better.
You are engulfed in roaring flames.
* * * LOW HITPOINT WARNING * * *
You cannot move.
Okay, then.
Okay, then.
Okay, then.
You cannot move.
You are engulfed in roaring flames.
You die...

,* #.......# #.##### *,*
** #.#.###.# #.....# *,*
* *,#.# #.# ##..##.# *,*
* *,#.###.#
##...##.##***,* *
*,#.<...#
#.........,,,,* *
*,####..#
##...#...#***** *
*.####..# ##..#...# *
*.......#######§...[.#
*#####.....♣§§§§...#.#
##########%####,* #.#
*,* #.#***,* ***********
#..,,,,*
*,,,,,,,,,****#.#*****
*,*******,,,,,,..,* *,*
*,,**,,,,,********** *,*
*****,,**,*,,,,,,,,,,,,,


There were no monsters in sight!

Vanquished Creatures
  An orc warrior (D:6)
  A centaur (D:5)
  A crimson imp (D:5)
  A centaur zombie (D:5)
  A hound (D:4)
  A jelly (D:5)
  4 orc priests
  3 bullfrog skeletons
  An iguana (D:5)
  6 orc wizards
  4 worker ants
  A howler monkey zombie (D:5)
  6 adders
  A shadow imp (D:2)
  An adder skeleton (D:6)
  A worm (D:5)
  4 dart slugs
  3 leopard geckos
  23 orcs
  4 ball pythons
  8 bats
  5 giant cockroaches
  12 goblins
  13 hobgoblins
  7 jackals
  8 kobolds
  3 quokkas
  7 frilled lizards
  2 jackal skeletons
  A leopard gecko skeleton (D:4)
  A quokka skeleton (D:5)
  6 rats
141 creatures vanquished.

Notes
Turn   | Place    | Note
-------+----------+-------------------------------------------
     0 | D:1      | Mesmaeker13 the Demonspawn Gladiator began the quest for the Orb.
     0 | D:1      | Reached XP level 1. HP: 16/16 MP: 1/1
   112 | D:1      | Gained mutation: You are slightly more attuned to the shadows. [demonic ancestry]
   112 | D:1      | Reached XP level 2. HP: 16/23 MP: 2/2
   803 | D:2      | Gained mutation: You have a pair of small antennae on your head. [demonic ancestry]
   803 | D:2      | Reached XP level 3. HP: 27/28 MP: 3/3
   919 | D:2      | Found an iron altar of Okawaru.
   934 | D:2      | Became a worshipper of Warmaster Okawaru
  1379 | D:2      | Gained mutation: When seriously injured, your bleeding wounds create armour. (AC +0) [demonic ancestry]
  1379 | D:2      | Reached XP level 4. HP: 22/35 MP: 4/4
  2496 | D:2      | Reached XP level 5. HP: 34/41 MP: 5/5
  2663 | D:2      | Reached skill level 1 in Armour
  2711 | D:3      | Found a shattered altar of Ashenzari.
  3031 | D:3      | Reached XP level 6. HP: 38/48 MP: 6/6
  3775 | D:4      | Reached * piety under Okawaru
  4343 | D:4      | Gained mutation: You are immune to rotting. [demonic ancestry]
  4343 | D:4      | Reached XP level 7. HP: 44/55 MP: 7/7
  4400 | D:4      | Reached skill level 1 in Invocations
  4560 | D:5      | Entered Level 5 of the Dungeon
  4560 | D:5      | Found Xuhupeos's Armour Shoppe.
  4668 | D:5      | Reached skill level 5 in Fighting
  4770 | D:5      | Found Uddiut's Distillery.
  4885 | D:5      | Found Igygg's Food Shop.
  5135 | D:5      | Found Wicau's Food Shop.
  5157 | D:5      | Found a staircase to the Ecumenical Temple.
  5165 | Temple   | Entered the Ecumenical Temple
  5393 | D:5      | Found Vooll's Book Shop.
  5484 | D:5      | Reached ** piety under Okawaru
  5484 | D:5      | Reached skill level 5 in Short Blades
  5672 | D:6      | Reached XP level 8. HP: 18/63 MP: 10/10
  5675 | D:6      | Engulfed by a cloud of flame

Skill      XL: |  1  2  3  4  5  6  7 |
---------------+----------------------+-----
Short Blades   | 3 4 5 |  5.2
Dodging        | 3 |  3.5
Fighting       | 3 4 5 |  5.5
Armour         | 1 2 3 |  3.8
Invocations    | 3 |  3.1
Throwing       | |  1.7

Action                   |  1- 3 |  4- 6 |  7- 9 || total
-------------------------+-------+-------+-------++-------
Melee: Rapier            |   111 |   338 |   180 ||   629
Throw: Throwing net      |     2 |     4 |       ||     6
Evoke: Wand              |       |       |     6 ||     6
  Use: Scroll            |       |     6 |     6 ||    12
       Potion            |       |     1 |     4 ||     5
 Stab: Sleeping          |     5 |     1 |       ||     6
       Held in net/web   |     1 |       |       ||     1
       Distracted        |       |     1 |       ||     1
  Eat: Chunk             |     2 |    10 |     4 ||    16
Armor: Leather armour    |    11 |       |       ||    11
       Ring mail         |    27 |    20 |       ||    47
       Chain mail        |       |   178 |    18 ||   196
       Skin              |       |    30 |    14 ||    44
       Ice dragon scales |       |       |    57 ||    57
Dodge: Dodged            |    84 |   197 |    79 ||   360
